Map: Proxima Station LE

Players

HeRoMaRinE - Winner!

  • Race: Terran Terran
  • Spawn Location: 7:00

Solar

  • Race: Zerg Zerg
  • Spawn Location: 1:00

Event: IEM XI Katowice - World Championship 2017

VOD

Have the link to the VOD?

Description

Time

  • Played on: March 2, 2017, 5:11 a.m.
  • Length: 14:07

All games in this series

Show
View Real Time Build Order
Export as new Build Order

HeRoMaRinE Terran - Winner!

Build Orders: Command Center First (CC), Liberator Opening, MMM Bio 

Get SALT Encoding   

  12  0:00  SCV  
  13  0:12  SCV  
  14  0:17  Supply Depot  
  14  0:24  SCV  
  15  0:39  SCV  
  16  0:51  SCV  
  17  0:59  Command Center  
  17  1:03  SCV  
  18  1:13  Barracks  
  18  1:18  SCV  
  19  1:23  Refinery  
  19  1:30  SCV  
  19  1:32  Refinery  
  20  1:42  SCV  
  21  2:00  Marine  
  21  2:01  Orbital Command  
  22  2:11  Orbital Command  
  22  2:13  Factory  
  22  2:20  Barracks Reactor  
  22  2:26  SCV  
  23  2:37  SCV  
  23  2:38  SCV  
  25  2:44  Supply Depot  
  25  2:49  SCV  
  25  2:50  SCV  
  27  2:58  Starport  
  27  3:01  SCV  
  27  3:02  SCV  
  27  3:03  Hellion x2, Barracks Tech Lab  
  33  3:13  SCV  
  33  3:14  SCV  
  33  3:17  Liberator, Supply Depot  
  35  3:23  Marine  
  35  3:25  Hellion x2, SCV  
  35  3:27  SCV  
  42  3:38  SCV  
  42  3:39  SCV  
  47  3:41  Supply Depot  
  47  3:44  Marine  
  50  3:48  Hellion  
  50  3:50  Hellion  
  52  3:56  SCV x2  
  52  4:00  Armory  
  52  4:02  Liberator  
  54  4:03  Marine  
  54  4:05  Stimpack  
  57  4:10  Hellion  
  57  4:12  Hellion  
  61  4:17  Supply Depot  
  62  4:35  Command Center  
  62  4:38  SCV x2  
  64  4:45  Barracks  
  64  4:47  Factory Reactor  
  64  4:48  Liberator, Barracks  
  65  4:52  SCV  
  65  4:53  Engineering Bay  
  65  4:55  Engineering Bay  
  65  4:57  Factory Tech Lab  
  65  4:58  Marine, SCV  
  67  5:05  SCV  
  67  5:11  SCV  
  68  5:17  Marine, SCV  
  68  5:19  Siege Tank  
  69  5:24  Bunker  
  69  5:28  Bunker  
  69  5:34  Marine  
  70  5:38  Supply Depot  
  70  5:40  Supply Depot  
  70  5:43  Hellion x4  
  70  5:46  Supply Depot, Marine x3  
  70  5:49  Orbital Command  
  74  5:50  SCV x2  
  74  5:51  Starport Reactor  
  75  5:57  Terran Infantry Weapons Level 1, Refinery  
  75  5:59  Marine  
  75  6:02  SCV x2  
  78  6:04  Marine  
  78  6:07  Barracks x2  
  80  6:14  Marine, SCV x2  
  80  6:17  Marine  
  80  6:18  Terran Infantry Armor Level 1  
  83  6:19  Orbital Command  
  83  6:23  Refinery  
  83  6:24  Barracks Reactor  
  83  6:26  SCV x2  
  83  6:27  Combat Shields  
  83  6:31  Marine  
  83  6:32  Marine  
  87  6:35  Marine  
  87  6:38  SCV x2  
  90  6:41  Factory Reactor  
  90  6:44  Starport Reactor  
  90  6:45  Supply Depot  
  90  6:47  SCV  
  90  6:49  Marine  
  90  6:50  Marine, SCV x2  
  90  6:53  Marine  
  96  6:59  SCV, Barracks Reactor  
  96  7:00  Supply Depot x2  
  97  7:02  SCV  
  97  7:03  Marine  
  97  7:04  Marine  
  97  7:07  Marine  
  97  7:08  Marine  
  103  7:11  Marine  
  103  7:12  Marine x2  
  107  7:20  Supply Depot x2  
  107  7:21  Marine  
  107  7:22  Marine  
  104  7:24  Marine  
  104  7:25  Marine  
  104  7:27  Widow Mine, Medivac x2  
  104  7:28  Marine  
  104  7:29  Marine  
  113  7:30  Marine  
  113  7:32  Widow Mine  
  113  7:34  Marine  
  113  7:35  Marine  
  119  7:37  Supply Depot  
  119  7:39  Marine  
  119  7:40  Marine, SCV  
  119  7:42  Marine  
  119  7:43  Marine  
  124  7:46  Marine  
  124  7:49  Marine x2  
  127  7:52  Marine x2  
  127  7:55  Widow Mine  
  127  7:57  Marine x2  
  133  7:58  Medivac  
  133  7:59  Medivac  
  133  8:00  Marine, Widow Mine  
  133  8:01  Marine  
  133  8:04  Supply Depot, Marine  
  142  8:06  Supply Depot  
  142  8:07  Marine, Terran Infantry Weapons Level 2  
  142  8:12  Terran Infantry Armor Level 2  
  143  8:14  Marine x3  
  143  8:15  Marine  
  143  8:18  Missile Turret  
  143  8:19  Marine x2  
  149  8:22  Marine x2  
  151  8:27  Marine  
  151  8:32  Marine  
  150  8:36  Marine  
  150  8:37  Marine x2  
  150  8:38  Marine x2, Widow Mine x2  
  150  8:40  Marine x2  
  140  8:44  Marine  
  134  8:49  Marine  
  134  8:54  Marine  
  134  8:55  Marine x3  
  128  8:56  Marine  
  128  8:57  Barracks x2  
  128  8:58  Marine, Marauder  
  128  9:00  Medivac x2  
  128  9:02  Marine, Barracks  
  133  9:07  Marine  
  135  9:12  Marine  
  135  9:13  Marine x4  
  135  9:15  Marine  
  129  9:19  Marine, Widow Mine x2  
  129  9:20  Marine  
  120  9:25  Marine  
  120  9:29  Marine  
  120  9:30  Marine  
  120  9:31  Marine  
  123  9:34  Command Center  
  123  9:37  Marine x3  
  123  9:38  Medivac x2  
  127  9:42  Marine  
  127  9:43  Marine  
  122  9:47  Marine, Widow Mine x2  
  122  9:50  Concussive Shells, Marauder x2  
  122  9:52  Barracks Tech Lab, Barracks Reactor  
  127  9:54  Marine x2  
  127  9:58  Marine x3  
  132  10:00  Marine  
  132  10:01  Marine  
  132  10:05  Marine  
  135  10:08  Medivac x2  
  135  10:11  Marauder  
  135  10:12  Marine x2, Marauder x2  
  147  10:15  Marine  
  147  10:16  Marine, Widow Mine x2  
  147  10:20  Marine, Supply Depot  
  154  10:21  Supply Depot x2, Marine  
  154  10:22  Marine  
  154  10:23  Marine  
  157  10:29  Marine x3  
  157  10:32  Marauder  
  157  10:34  Terran Infantry Weapons Level 3  
  160  10:39  Terran Infantry Armor Level 3  
  157  10:46  Marine  
  157  10:47  Marine, Marauder  
  157  10:49  Marine x2  
  133  10:51  Marauder  
  133  10:52  Marine  
  133  10:53  Marine x4  
  133  10:57  Marine  
  129  11:04  Liberator x2, Marine x2  
  129  11:07  Marine x2  
  129  11:08  Marine  
  129  11:10  Marine x2  
  129  11:11  Marine x2  
  137  11:15  Marine x2  
  133  11:20  Marine, Marauder  
  133  11:21  Factory Tech Lab  
  133  11:22  Marine  
  143  11:26  Marauder  
  143  11:28  Marine  
  143  11:29  Marine x4  
  143  11:30  Marine x2  
  152  11:33  Marine  
  152  11:37  Planetary Fortress  
  152  11:38  Marauder  
  152  11:39  Marine  
  156  11:40  Marine  
  156  11:44  Marine  
  158  11:50  Marine  
  158  11:51  Marine  
  158  11:53  Marine x4  
  164  11:55  Marine x2, Marauder  
  164  11:57  Marine  
  164  12:01  Siege Tank  
  169  12:02  Marauder  
  169  12:03  Marine, Marauder  
  169  12:08  Marine  
  169  12:09  Marine  
  169  12:10  Marine  
  169  12:11  Marine  
  169  12:14  Medivac x2  
  177  12:17  Marine x3, Marauder  
  177  12:22  Marine x3  
  185  12:23  Marauder  
  153  12:37  Marauder  
  153  12:38  Marine  
  153  12:39  Marine x3  
  153  12:40  Siege Tank  
  153  12:42  Marauder  
  153  12:43  Marine x2  
  164  12:47  Marine x2  
  164  12:49  Medivac x2  
  164  12:50  Marine x2, Marauder  
  174  12:53  Command Center  
  174  12:56  Marine  
  174  12:57  Marine x2  
  175  12:58  Marauder  
  165  13:07  Marauder, Refinery x2  
  165  13:08  Marine  
  165  13:09  Starport  
  170  13:19  Marauder  
  171  13:20  Marine x2  
  171  13:21  Marine x2  
  171  13:24  Marine x2  
  170  13:36  Marauder  
  172  13:44  Marauder x2  
Show
View Real Time Build Order
Export as new Build Order

Solar Zerg 

Build Orders: Hatch First 

Get SALT Encoding   

  12  0:00  Drone  
  13  0:12  Overlord  
  13  0:17  Drone  
  14  0:31  Drone x2  
  17  0:35  Drone  
  17  0:53  Hatchery  
  17  0:55  Drone  
  17  0:58  Drone  
  17  1:03  Extractor  
  17  1:14  Spawning Pool  
  17  1:17  Drone  
  17  1:20  Drone  
  18  1:28  Drone  
  19  1:39  Overlord  
  19  2:01  Zergling x4, Queen  
  21  2:07  Queen  
  21  2:08  Metabolic Boost, Zergling x2  
  26  2:11  Drone  
  27  2:17  Drone  
  28  2:27  Drone  
  28  2:28  Drone  
  30  2:38  Hatchery  
  30  2:41  Drone  
  30  2:43  Drone  
  31  2:46  Drone  
  31  2:51  Drone  
  33  2:53  Overlord  
  33  2:59  Drone  
  33  3:05  Drone  
  35  3:10  Drone  
  35  3:11  Queen  
  38  3:13  Drone x2  
  38  3:14  Drone  
  38  3:16  Drone  
  38  3:18  Drone  
  43  3:22  Overlord  
  43  3:24  Drone  
  44  3:33  Overlord  
  44  3:41  Queen  
  44  3:42  Drone x2  
  44  3:43  Drone  
  44  3:45  Drone  
  50  3:49  Zergling x2  
  50  3:51  Zergling x2  
  50  3:54  Extractor  
  50  3:55  Queen, Roach Warren  
  50  3:58  Zergling x2  
  50  4:01  Drone x2  
  55  4:07  Spore Crawler  
  55  4:08  Drone  
  55  4:10  Overlord  
  55  4:14  Zergling x4  
  57  4:18  Drone  
  57  4:21  Overlord  
  57  4:23  Overlord  
  58  4:26  Drone x2  
  60  4:34  Roach x4  
  60  4:35  Roach  
  70  4:38  Spore Crawler  
  70  4:40  Roach  
  71  4:47  Roach  
  71  4:50  Drone x2  
  71  4:51  Roach x2  
  79  4:56  Overlord  
  79  5:00  Roach x2  
  83  5:10  Lair  
  83  5:14  Drone x2  
  85  5:15  Drone x2  
  85  5:17  Drone  
  88  5:22  Overlord  
  85  5:29  Extractor, Drone x4  
  85  5:30  Drone  
  85  5:31  Overlord  
  85  5:34  Overlord  
  89  5:38  Overlord  
  89  5:41  Evolution Chamber  
  88  5:44  Drone  
  88  5:45  Evolution Chamber  
  88  5:46  Drone  
  88  5:47  Drone  
  88  5:49  Drone  
  91  5:51  Drone  
  91  5:52  Drone  
  91  5:53  Drone  
  94  5:57  Drone  
  94  5:58  Drone x2  
  94  5:59  Drone  
  94  6:00  Drone  
  99  6:04  Extractor  
  99  6:05  Drone x3  
  99  6:06  Drone  
  99  6:10  Glial Reconstitution  
  102  6:16  Zerg Melee Weapons Level 1  
  102  6:17  Zerg Ground Armor Level 1  
  102  6:19  Drone x2  
  102  6:21  Overlord  
  102  6:25  Drone x2  
  106  6:26  Extractor, Drone x2  
  106  6:27  Extractor  
  106  6:30  Drone x3  
  106  6:31  Drone x2  
  111  6:35  Infestation Pit, Drone  
  111  6:37  Burrow  
  111  6:40  Overlord  
  111  6:42  Drone  
  112  6:48  Hatchery  
  111  6:59  Spire  
  111  7:00  Zergling x10  
  114  7:04  Spore Crawler  
  114  7:05  Drone  
  114  7:07  Spore Crawler  
  112  7:09  Drone  
  112  7:10  Overlord  
  112  7:15  Zergling x6  
  112  7:24  Drone x3  
  112  7:25  Zergling x2  
  116  7:39  Zergling x10  
  116  7:40  Zergling x8  
  116  7:41  Ravager x2, Baneling Nest  
  126  7:44  Overlord  
  126  7:46  Overlord  
  126  7:56  Drone  
  126  7:57  Drone  
  126  8:03  Drone x2  
  128  8:07  Queen  
  128  8:10  Overlord  
  128  8:11  Mutalisk  
  128  8:12  Mutalisk x6  
  139  8:15  Mutalisk  
  145  8:20  Zerg Ground Armor Level 2  
  145  8:27  Drone x2  
  145  8:28  Zerg Melee Weapons Level 2  
  145  8:31  Overseer  
  145  8:32  Zergling x8, Roach  
  145  8:33  Zergling x2  
  151  8:38  Roach x2  
  151  8:39  Roach x2  
  151  8:40  Roach  
  135  8:42  Roach  
  135  8:43  Zergling x6  
  135  8:45  Roach  
  135  8:46  Roach  
  129  8:49  Roach  
  129  8:51  Roach x2  
  129  8:54  Roach  
  129  8:55  Roach  
  130  9:00  Zergling x4  
  132  9:03  Baneling x4  
  132  9:06  Zergling x2  
  132  9:07  Zergling x10  
  132  9:09  Baneling  
  138  9:13  Roach  
  138  9:16  Roach x2  
  138  9:17  Roach  
  127  9:19  Overseer  
  127  9:20  Queen  
  127  9:23  Roach  
  126  9:25  Ravager  
  126  9:28  Zergling x12, Extractor  
  126  9:31  Extractor  
  131  9:32  Infestor  
  131  9:38  Zergling x2, Baneling x6  
  132  9:39  Zergling x16  
  138  9:48  Ravager  
  138  9:49  Zergling x6  
  140  9:57  Infestor  
  142  10:00  Baneling x5  
  142  10:02  Zergling x12  
  142  10:03  Zergling x4  
  142  10:05  Overlord  
  151  10:07  Ravager  
  151  10:08  Overlord  
  151  10:11  Hatchery  
  151  10:12  Hive  
  149  10:17  Overlord  
  149  10:20  Zergling x2  
  149  10:21  Zergling x4  
  151  10:24  Baneling x5  
  151  10:25  Baneling x2  
  151  10:29  Ravager  
  151  10:30  Zergling x14  
  151  10:33  Zergling x6  
  157  10:36  Zergling x4  
  157  10:39  Zergling x6  
  157  10:42  Centrifical Hooks  
  154  10:46  Zergling x4  
  154  10:47  Zergling x4  
  137  10:50  Zergling x2  
  137  10:51  Zergling x6  
  137  10:54  Ravager x2  
  137  10:55  Zergling x2  
  141  11:00  Zergling x8  
  141  11:01  Zergling x2  
  141  11:05  Zergling x4  
  133  11:13  Ravager  
  133  11:14  Infestor  
  133  11:17  Baneling x2  
  136  11:18  Baneling x3  
  136  11:19  Zergling x2, Ravager  
  136  11:20  Zergling x8  
  136  11:23  Baneling x2  
  136  11:25  Zergling x6  
  143  11:26  Overlord, Ultralisk Cavern  
  143  11:27  Zergling x2  
  143  11:28  Zergling x2  
  143  11:32  Zergling x6  
  149  11:36  Zergling x4  
  151  11:40  Baneling  
  151  11:41  Baneling x2  
  151  11:45  Zerg Missile Weapons Level 1  
  150  11:51  Zergling x12  
  150  11:52  Zergling x6  
  148  11:58  Zergling x14  
  152  12:04  Zergling x2  
  152  12:05  Zergling x4  
  152  12:06  Overlord  
  149  12:11  Infestor  
  149  12:13  Chitinous Plating, Baneling x4  
  149  12:15  Ultralisk  
  155  12:18  Baneling x7  
  155  12:20  Ravager  
  155  12:21  Baneling x5  
  156  12:26  Drone x3  
  156  12:27  Drone  
  156  12:28  Zergling x4  
  161  12:32  Zergling x2  
  161  12:33  Zergling x6  
  141  12:37  Zergling x8  
  141  12:40  Zergling x4  
  141  12:41  Baneling x3  
  141  12:43  Ravager x4  
  147  12:50  Ultralisk  
  153  12:54  Zergling x8  
  153  12:58  Zergling x2  
  155  13:00  Zergling x6  
  155  13:01  Zergling x4  
  155  13:02  Baneling x3  
  155  13:03  Ravager  
  155  13:04  Ravager  
  156  13:07  Zergling x6  
  155  13:14  Infestor  
  157  13:21  Ultralisk x2  
  157  13:24  Overlord  
  157  13:26  Overlord  
  166  13:30  Zergling x6  
  166  13:33  Baneling x7  
  128  13:50  Baneling x4  

Tags
 
Add a new tag
Caveats
  • Supply blocks, unpowered buildings, or Contaminate may cause inaccurate times.
  • Supply counts are checked every 10 seconds.